 Dungeon Crawl Stone Soup version 0.22-a0-293-gc9362ec (webtiles) character file.

5383 grizmgrazm2 the Skirmisher (level 10, 0/71 HPs)
             Began as a Demonspawn Fire Elementalist on Mar 24, 2018.
             Was an Initiate of Hepliaklqana.
             Slain by a two-headed ogre
             ... wielding a +0 giant spiked club
              (25 damage)
             ... on level 8 of the Dungeon.
             The game lasted 00:36:32 (10171 turns).

grizmgrazm2 the Skirmisher (DsFE)                  Turns: 10171, Time: 00:36:33

Health: 0/71       AC:  7    Str: 10    XL:     10   Next: 39%
Magic:  11/19      EV: 14    Int: 18    God:    Hepliaklqana [......]
Gold:   298        SH:  0    Dex: 14    Spells: 11/21 levels left

rFire    . . .     SeeInvis .   w - +3 falchion (elec)
rCold    . . .     Gourm    .   (no shield)
rNeg     . . .     Faith    .   a - +0 robe
rPois    .         Spirit   .   (helmet restricted)
rElec    .         Reflect  .   n - +0 cloak
rCorr    .         Harm     .   (no gloves)
MR       .....                  b - +0 pair of boots
Stlth    +++.......             y - amulet of regeneration
HPRegen  0.61/turn              l - ring of wizardry
MPRegen  0.16/turn              (no ring)

@: no status effects
A: reduced essence, antennae 2, yellow scales 2, powered by death 2
a: Recall Ancestor, Ancestor Identity, Renounce Religion


You were on level 8 of the Dungeon.
You worshipped Hepliaklqana.
Hepliaklqana was noncommittal.
You were not hungry.

You visited 2 branches of the dungeon, and saw 9 of its levels.

You collected 298 gold pieces.

Inventory:

Hand Weapons
 r - a +3 dagger of freezing
 w - a +3 falchion of electrocution (weapon)
Missiles
 m - 66 sling bullets
 s - 89 stones (quivered)
Armour
 a - a +0 robe (worn)
 b - a +0 pair of boots (worn)
 n - a +0 cloak (worn)
 A - a +2 shield
Magical Staves
 x - an uncursed staff of cold
Jewellery
 l - a ring of wizardry (left hand)
 p - an uncursed amulet of rage
 y - an amulet of regeneration (around neck)
Wands
 f - a wand of iceblast (6)
 g - a wand of disintegration (21)
Scrolls
 h - 3 scrolls of fog
 i - 5 scrolls of remove curse
 q - a scroll of amnesia
 u - 2 scrolls of magic mapping
 z - a scroll of identify
Potions
 e - a potion of degeneration {unknown}
 j - 4 potions of heal wounds {unknown}
 k - a potion of brilliance {unknown}
 o - a potion of mutation {unknown}
 t - 2 potions of agility {unknown}
 v - a potion of berserk rage {unknown}
 B - a potion of resistance {unknown}
Comestibles
 c - 12 rations


   Skills:
 * Level 7.2 Fighting
 + Level 5.0 Short Blades
 - Level 0.3(3.0) Long Blades
 - Level 0.1 Throwing
 + Level 4.7 Dodging
 + Level 4.4 Stealth
 + Level 6.3 Spellcasting
 + Level 5.7 Conjurations
 + Level 6.2 Fire Magic
 - Level 0.2 Evocations


You had 11 spell levels left.
You knew the following spells:

 Your Spells              Type           Power        Failure   Level  Hunger
a - Flame Tongue          Conj/Fire      ####.        1%          1    None
b - Throw Flame           Conj/Fire      ####..       1%          2    None
c - Conjure Flame         Conj/Fire      ####....     1%          3    ##.....
d - Sticky Flame          Conj/Fire      ####....     4%          4    ####...


Dungeon Overview and Level Annotations

Branches:
Dungeon (8/15)             Temple (1/1) D:5
   Lair: D:8-11

Altars:
Ashenzari
Cheibriados
Dithmenos
Fedhas
Gozag
Hepliaklqana
Kikubaaqudgha
Makhleb
Nemelex Xobeh
Okawaru
Qazlal
Ru
Sif Muna
Trog
Uskayaw
Vehumet
Wu Jian
Xom
Zin
The Shining One

Shops:
D:4 }

Annotations:
D:3 grom234's ghost, amateur FoFi


Innate Abilities, Weirdness & Mutations

You have a pair of antennae on your head.
You are mostly covered in yellow scales. (AC +3)
You regenerate health from kills.
Your life essence is reduced to manifest your ancestor. (-10% HP)


Message History

Confirm with . or Enter, or press ? or * to list all spells.
Aiming: Sticky Flame (safe; 4% risk of failure)
Press: ? - help, Shift-Dir - straight line, f - two-headed ogre
Aim: a two-headed ogre, wielding a giant spiked club and a giant club The sticky flame hits the two-headed ogre.
The two-headed ogre is lightly wounded.
The two-headed ogre is covered in liquid flames!
The two-headed ogre burns!
The two-headed ogre barely misses you.
The two-headed ogre completely misses you.
You hit the two-headed ogre.
Lightning courses through the two-headed ogre!
The two-headed ogre is moderately wounded.
The two-headed ogre burns!
The two-headed ogre misses you.
The two-headed ogre hits you with a giant club!
You completely miss the two-headed ogre.
The two-headed ogre is heavily wounded.
The two-headed ogre burns! x2
The two-headed ogre hits you with a giant spiked club!!
The two-headed ogre hits you with a giant club!!
You die...

################
#..!.......(....
#....)..........
#....@O.........
#..............
#..............
#.........#####
#.......(.#
#.....(.((#
#.........#
#########.#
.........########


You could see a two-headed ogre (burning).

Vanquished Creatures
  A two-headed ogre (D:8)
  Grinder (D:5)
  A spriggan (D:7)
  Eustachio (D:6)
  A water moccasin (D:8)
  An orc warrior (D:8)
  An ice beast (D:7)
  A phantom (D:5)
  2 sky beasts
  4 necrophages (D:7)
  2 ogres
  6 centaurs
  5 bullfrogs
  2 jellies
  2 scorpions
  10 wights
  A bullfrog zombie (D:7)
  4 orc priests
  A gnoll shaman (D:4)
  4 hounds
  6 orc wizards
  2 bullfrog skeletons
  An iguana (D:8)
  A worker ant (D:7)
  A killer bee zombie (D:7)
  A hound zombie (D:7)
  A mummy (D:7)
  A worker ant zombie (D:6)
  5 gnolls
  9 adders
  A shadow imp (D:5)
  An adder zombie (D:7)
  2 worms
  A leopard gecko (D:1)
  20 orcs
  2 ball pythons (D:1)
  2 bats
  5 giant cockroaches
  5 goblins
  4 hobgoblins
  4 kobolds
  7 quokkas
  4 frilled lizards
  A jackal zombie (D:7)
  A leopard gecko skeleton (D:4)
  A leopard gecko zombie (D:8)
  A quokka zombie (D:7)
  5 rats
146 creatures vanquished.

Vanquished Creatures (collateral kills)
  A two-headed ogre (D:8)
  An ogre (D:8)
  A phantom (D:6)
  A water moccasin zombie (D:8)
  A wyvern skeleton (D:8)
  A bullfrog zombie (D:8)
  An orc priest (D:8)
  An orc (D:8)
8 creatures vanquished.

Vanquished Creatures (others)
  2 ancestors (D:8)
2 creatures vanquished.

Grand Total: 156 creatures vanquished

Notes
Turn   | Place    | Note
-------+----------+-------------------------------------------
     0 | D:1      | grizmgrazm2 the Demonspawn Fire Elementalist began the quest for the Orb.
     0 | D:1      | Reached XP level 1. HP: 13/13 MP: 3/3
   319 | D:1      | Gained mutation: You are partially covered in yellow scales. (AC +2) [demonic ancestry]
   319 | D:1      | Reached XP level 2. HP: 19/19 MP: 1/5
  1099 | D:2      | Learned a level 2 spell: Throw Flame
  1113 | D:2      | Reached XP level 3. HP: 21/24 MP: 4/6
  1581 | D:2      | Found a hide-covered altar of Uskayaw.
  2192 | D:2      | Learned a level 3 spell: Conjure Flame
  2532 | D:3      | Noticed grom234's ghost (amateur FoFi)
  2722 | D:5      | Entered Level 5 of the Dungeon
  2729 | D:5      | Reached XP level 4. HP: 27/31 MP: 3/7
  3046 | D:5      | Reached skill level 1 in Fighting
  3361 | D:5      | Found a stormy altar of Qazlal.
  3492 | D:5      | Noticed a phantom
  3525 | D:5      | Gained mutation: You regenerate a little health from kills. [demonic ancestry]
  3525 | D:5      | Reached XP level 5. HP: 10/37 MP: 1/8
  4364 | D:4      | Found Rikky's Gadget Boutique.
  4988 | D:3      | Reached skill level 2 in Fighting
  4988 | D:3      | Gained mutation: You have a pair of small antennae on your head. [demonic ancestry]
  4988 | D:3      | Reached XP level 6. HP: 10/44 MP: 2/10
  6137 | D:5      | Found a staircase to the Ecumenical Temple.
  6146 | Temple   | Entered the Ecumenical Temple
  6391 | D:5      | Gained mutation: You are mostly covered in yellow scales. (AC +3) [demonic ancestry]
  6391 | D:5      | Reached XP level 7. HP: 51/51 MP: 2/12
  6733 | D:5      | Learned a level 4 spell: Sticky Flame
  6994 | D:6      | Noticed Grinder
  6995 | D:6      | Reached skill level 3 in Fighting
  7279 | D:7      | Found a shimmering altar of Xom.
  7280 | D:7      | Found a shimmering altar of Xom.
  7281 | D:7      | Found a shimmering altar of Xom.
  7284 | D:7      | Found a shimmering altar of Xom.
  7284 | D:7      | Found a shimmering altar of Xom.
  7285 | D:7      | Found a shimmering altar of Xom.
  7561 | D:7      | Gained mutation: You regenerate health from kills. [demonic ancestry]
  7561 | D:7      | Reached XP level 8. HP: 45/59 MP: 9/14
  7636 | D:7      | Reached skill level 5 in Fire Magic
  7733 | D:7      | Reached skill level 4 in Fighting
  7753 | D:7      | Reached skill level 5 in Spellcasting
  7758 | D:7      | Reached skill level 1 in Short Blades
  8535 | D:7      | Reached skill level 5 in Fighting
  8654 | D:7      | Reached XP level 9. HP: 59/68 MP: 11/16
  8918 | D:6      | Paralysed by Grinder for 4 turns
  8928 | D:5      | Paralysed by Grinder for 3 turns
  8936 | D:5      | Killed Grinder
  8936 | D:5      | Reached skill level 5 in Conjurations
  9193 | D:6      | Found a hazy altar of Hepliaklqana.
  9193 | D:6      | Found an ancient bone altar of Kikubaaqudgha.
  9193 | D:6      | Found an opulent altar of Gozag.
  9195 | D:6      | Found a radiant altar of Vehumet.
  9195 | D:6      | Found a shadowy altar of Dithmenos.
  9197 | D:6      | Found a blossoming altar of Fedhas.
  9197 | D:6      | Found a bloodstained altar of Trog.
  9198 | D:6      | Found an iron altar of Okawaru.
  9203 | D:6      | Noticed Eustachio
  9374 | D:6      | Killed Eustachio
  9399 | D:6      | Became a worshipper of Hepliaklqana the Forgotten
  9472 | D:6      | Reached skill level 6 in Fighting
  9814 | D:8      | Noticed a two-headed ogre
  9826 | D:8      | Killed a two-headed ogre
  9826 | D:8      | Gained mutation: You have a pair of antennae on your head. [demonic ancestry]
  9826 | D:8      | Reached XP level 10. HP: 58/69 MP: 10/19
  9832 | D:8      | Noticed a two-headed ogre
  9841 | D:8      | Killed a two-headed ogre
  9841 | D:8      | Reached skill level 7 in Fighting
 10162 | D:8      | Noticed a two-headed ogre
 10168 | D:8      | Reached skill level 5 in Short Blades
 10171 | D:8      | Slain by a two-headed ogre

Vault maps used:
D:1:      minmay_arrival_radiant_lines
D:2:      nicolae_overflow_hidden_temple, minmay_misc_feat_x
D:3:      hangedman_glass_teeth, grunt_gozag_breadcrumbs
D:4:      serial_shops, nicolae_shop_statue_plus, first_ration
D:5:      grunt_qazlal_clouds, minmay_temple_entry_enclosed_plants, st_stairs_11
D:6:      grunt_temple_overflow_open, uniq_eustachio, uniq_grinder
D:7:      serial_undead, serial_undead_b, serial_undead_d, serial_undead_d,
          serial_undead_f, the_bakery, mrwooster_statue_mirror, xom_redecorated
Temple:   dpeg_chambers_temple

Skill      XL: |  1  2  3  4  5  6  7  8  9 10 |
---------------+-------------------------------+-----
Fire Magic     | 3 4 5 6 |  6.2
Dodging        | 2 3 4 |  4.7
Stealth        | 2 3 4 |  4.4
Fighting       | 1 2 3 5 6 7 |  7.2
Conjurations   | 2 3 4 5 |  5.7
Spellcasting   | 3 4 5 6 |  6.3
Short Blades   | 2 4 5 |  5.0
Long Blades    | |  0.3
Throwing       | |  0.1
Evocations     | |  0.2

Action                   |  1- 3 |  4- 6 |  7- 9 | 10-12 || total
-------------------------+-------+-------+-------+-------++-------
Melee: Club              |     8 |       |       |       ||     8
       Short sword       |       |    29 |   134 |       ||   163
       Dagger            |       |       |    82 |       ||    82
       Falchion          |       |       |    29 |    39 ||    68
Throw: Stone             |    75 |    35 |       |       ||   110
 Cast: Flame Tongue      |    78 |    81 |    40 |       ||   199
       Throw Flame       |       |    28 |    24 |     1 ||    53
       Sticky Flame      |       |       |    30 |     6 ||    36
Invok: Ancestor Identity |       |       |     1 |       ||     1
Evoke: Wand              |       |     5 |     5 |       ||    10
  Use: Scroll            |     4 |     4 |     3 |       ||    11
       Potion            |       |     4 |     1 |       ||     5
 Stab: Sleeping          |       |     1 |     6 |       ||     7
  Eat: Chunk             |     5 |     4 |    10 |     2 ||    21
       Ration            |       |     3 |     2 |       ||     5
Armor: Robe              |    23 |    20 |    64 |    23 ||   130
       Skin              |       |    12 |       |       ||    12
Dodge: Dodged            |    43 |    55 |   196 |    52 ||   346
       Rpst.: Falchion   |       |       |     9 |    12 ||    21

Table legend:
 A = Spawn XP
 B = Non-spawn XP
 C = Spawn XP percentage of total XP
 D = Spawn monster count
 E = Non-spawn monster count
 F = Spawn count percentage of total count
 G = Total turns spent on level
                    A         B        C        D         E        F      G
               +---------+---------+-------+---------+---------+-------+---------
         Total |       0 |    7691 |   0.0 |       0 |     154 |   0.0 | 10171
               +---------+---------+-------+---------+---------+-------+---------
           D:1 |       0 |      27 |   0.0 |       0 |      16 |   0.0 |  1028
           D:2 |       0 |      50 |   0.0 |       0 |      16 |   0.0 |  1398
           D:3 |       0 |      67 |   0.0 |       0 |       9 |   0.0 |  1040
           D:4 |       0 |     255 |   0.0 |       0 |      15 |   0.0 |  1444
           D:5 |       0 |     899 |   0.0 |       0 |      19 |   0.0 |  2092
           D:6 |       0 |    1339 |   0.0 |       0 |      23 |   0.0 |   818
           D:7 |       0 |    2199 |   0.0 |       0 |      36 |   0.0 |  1755
           D:8 |       0 |    2855 |   0.0 |       0 |      20 |   0.0 |   388
               +---------+---------+-------+---------+---------+-------+---------
